 Dungeon Crawl Stone Soup version 0.19.1 (webtiles) character file.

261 Ladykiller69 the Cutter (level 5, -1/34 HPs)
             Began as a High Elf Assassin on Dec 14, 2016.
             Was a Follower of Uskayaw.
             Slain by an ogre
             ... wielding a +0 giant club
              (7 damage)
             ... on level 4 of the Dungeon.
             The game lasted 00:09:43 (5365 turns).

Ladykiller69 the Cutter (High Elf Assassin)         Turns: 5365, Time: 00:09:44

Health: -1/34      AC: 12    Str: 10    XL:     5   Next: 96%
Magic:  6/6        EV:  4    Int: 15    God:    Uskayaw [*.....]
Gold:   242        SH:  0    Dex: 17    Spells: 0 memorised, 4 levels left

rFire  + . .     SeeInvis .     a - +2 dagger
rCold  . . .     Gourm    .     C - +2 chain mail {rF+}
rNeg   . . .     Faith    .     (no shield)
rPois  +         Spirit   .     r - +0 helmet
rElec  .         Reflect  .     o - +0 cloak {rPois}
rCorr  .         Harm     .     (no gloves)
MR     .....                    (no boots)
Stlth  ..........               (no amulet)
                                (no ring)
                                (no ring)

@: very heavily drained
A: no striking features
a: Stomp, Renounce Religion


You were on level 4 of the Dungeon.
You worshipped Uskayaw.
Uskayaw was noncommittal.
You were hungry.

You visited 2 branches of the dungeon, and saw 5 of its levels.

You collected 242 gold pieces.

Inventory:

Hand Weapons
 a - a +2 dagger (weapon)
 b - a +0 blowgun
Missiles
 e - 44 poisoned needles
 f - 2 curare-tipped needles
 q - 98 stones (quivered)
 y - 7 javelins
Armour
 c - a +0 robe
 d - a +0 cloak
 o - a +0 cloak of poison resistance (worn)
 r - a +0 helmet (worn)
 C - a +2 chain mail of fire resistance (worn)
Jewellery
 v - an uncursed amulet of rage {unknown}
Scrolls
 i - 3 scrolls of identify {unknown}
 j - 6 scrolls of remove curse {unknown}
 k - 4 scrolls of amnesia {unknown}
 l - 2 scrolls of magic mapping {unknown}
 n - 3 scrolls of fear {unknown}
 p - 2 scrolls of enchant weapon {unknown}
 s - 2 scrolls of blinking {unknown}
 t - 3 scrolls of teleportation {unknown}
 u - a scroll of noise {unknown}
 w - a scroll of immolation {unknown}
Potions
 h - a potion of heal wounds {unknown}
 m - a potion of lignification {unknown}
 x - 2 potions of curing {unknown}
 B - a potion of agility {unknown}
 D - a potion of resistance
Comestibles
 g - 2 bread rations
 z - a beef jerky
 A - a slice of pizza


   Skills:
 - Level 2.0(0.0) Fighting
 + Level 5.6(1.5) Short Blades
 - Level 2.0(0.0) Throwing
 + Level 4.6(0.6) Dodging
 - Level 4.3(0.4) Stealth


You had 4 spell levels left.
You didn't know any spells.

Dungeon Overview and Level Annotations

Branches:
Dungeon (4/15)             Temple (1/1) D:4

Altars:
Hepliaklqana
Kikubaaqudgha
Makhleb
Nemelex Xobeh
Qazlal
Ru
Uskayaw
Yredelemnul
The Shining One

Shops:
D:4 }

Annotations:
D:3 Mlkhall's ghost, amateur MfTm
D:4 Menkaure


Message History

Firing (i - inventory. (,) - cycle):
e - 45 poisoned needles (quivered)
Press: ? - help, Shift-Dir - straight line, f/p - ogre
Aim: an ogre, wielding a giant club (lightly wounded, poisoned)
You shoot a poisoned needle. The poisoned needle hits the ogre.
The ogre is lightly wounded.
Wield which item (- for none, * to show all)? (? for menu, Esc to quit)
a - a +2 dagger (weapon)
The ogre hits you with a giant club!!
Ouch! That really hurt!
You hit the ogre.
The ogre is heavily wounded.
You hit the ogre.
The ogre is heavily wounded.
The ogre hits you with a giant club!
* * * LOW HITPOINT WARNING * * *
The ogre looks more healthy.
You hit the ogre.
The ogre is almost dead.
The ogre hits you with a giant club!
You die...

............# ##########
............# #.........
............# #.######..
...........######## #.......
###..............## #.####.. .
#........#####..# #....... ..O
#........#####..#.####.#..
...∩.###.......O#...........<.'..
...(.(.((.......@.....##.####.#..
....########....##.##.......#.##.
## ####.##.##..#....#..(. ...
######.##.#........#.... .....
.................>.......
.....###############.......###...
...............(...#.##....# ####
...................#.##...##
'#'##.##.##########.......#######


You could see an ogre.

Vanquished Creatures
  A scorpion (D:4)
  Crazy Yiuf (D:2)
  Natasha (twice) (D:3)
  6 adders
  An ooze (D:2)
  2 worms
  3 dart slugs
  2 orcs
  A ball python (D:2)
  4 giant cockroaches
  3 goblins
  9 hobgoblins
  6 jackals
  3 quokkas
  8 bats
  3 frilled lizards
  3 kobolds
  7 rats
65 creatures vanquished.

Notes
Turn   | Place    | Note
-------+----------+-------------------------------------------
     0 | D:1      | Ladykiller69 the High Elf Assassin began the quest for the Orb.
     0 | D:1      | Reached XP level 1. HP: 14/14 MP: 2/2
   655 | D:1      | Reached XP level 2. HP: 19/19 MP: 3/3
   844 | D:1      | Reached skill level 3 in Short Blades
  1011 | D:2      | Reached XP level 3. HP: 24/24 MP: 4/4
  1039 | D:2      | HP: 1/24 [poisoned by an adder]
  1410 | D:2      | Found a runed door.
  1489 | D:2      | Noticed Crazy Yiuf
  1493 | D:2      | Killed Crazy Yiuf
  1493 | D:2      | Reached XP level 4. HP: 29/29 MP: 5/5
  1609 | D:2      | Reached skill level 4 in Short Blades
  3263 | D:3      | Noticed Mlkhall's ghost (amateur MfTm)
  3363 | D:4      | Found a staircase to the Ecumenical Temple.
  3369 | Temple   | Entered the Ecumenical Temple
  3385 | Temple   | Became a worshipper of Uskayaw the Reveler
  3424 | D:4      | Reached skill level 5 in Short Blades
  3424 | D:4      | Reached XP level 5. HP: 34/34 MP: 6/6
  3424 | D:4      | Reached * piety under Uskayaw
  3546 | D:3      | Noticed Natasha
  3549 | D:3      | Killed Natasha
  3550 | D:3      | Reached ** piety under Uskayaw
  4004 | D:4      | Noticed Menkaure
  4288 | D:3      | Found a sparkling altar of Nemelex Xobeh.
  4720 | D:3      | Noticed Natasha
  4736 | D:3      | Killed Natasha
  5332 | D:4      | Found Eddusum's Gadget Emporium.
  5332 | D:4      | Noticed an ogre
  5365 | D:4      | Slain by an ogre

Skill      XL: |  1  2  3  4 |
---------------+-------------+-----
Dodging        | 2 3 4 |  4.6
Short Blades   | 3 5 |  5.6
Fighting       | |  2.0
Throwing       | |  2.0
Stealth        | |  4.3

Action                   |  1- 3 |  4- 6 || total
-------------------------+-------+-------++-------
Melee: Dagger            |    74 |   226 ||   300
 Fire: Blowgun           |       |     4 ||     4
  Use: Potion            |     2 |       ||     2
 Stab: Sleeping          |     3 |     7 ||    10
       Distracted        |       |     1 ||     1
  Eat: Chunk             |     2 |    11 ||    13
Armor: Robe              |    15 |    31 ||    46
       Chain mail        |       |    37 ||    37
Dodge: Dodged            |    26 |   104 ||   130
